Unix NetHack Version 3.7.0-65 Work-in-progress - last build Oct 10 2022 05:34:18 (2afc5cfc90f7ecdc2856d9919a2295b875398e55,branch:master). Game began 2022-10-15 19:47:16, ended 2022-10-15 20:02:10. aerth, neutral female human Monk --- |..| --..-- ---.....-- |........| -.......-- .......-- |..|..-- |.----- |.| |.| |.| |.| |.-- #..|---- |..--.@h |....%|G |..---- ---- Aerth the Novice St:16 Dx:14 Co:14 In:9 Wi:10 Ch:13 Neutral Dlvl:7 $:42 HP:0(44) Pw:7(17) AC:2 Xp:5/291 T:1068 Latest messages: You kill the gnome! The golden haze around you becomes less dense. w - a partly used candle (lit). You kill the hobbit! You hear a dwarf reading a scroll called 200. You hear a nearby zap. You hear something crash through the floor. The gnome throws a dagger! A dagger misses you. The golden haze around you becomes less dense. You kill the gnome! w - a partly used candle (lit) (2 in total). You see a boulder start to roll. The boulder hits the gnome! The gnome is killed! The golden haze around you becomes less dense. You hear rumbling in the distance. The golden haze around you becomes less dense. You hear rumbling in the distance. The golden haze around you disappears. An arrow misses you. You are hit by an arrow. Your candles' flames flicker low! You hear crashing rock. You descend the stairs. You hear a door open. You hear a nearby zap. You hear something crash through the ground. Your candles are consumed! Their flames die. You hit the gnome lord! You hit the gnome lord! The gnome lord zaps a wand of digging! The gnome lord has made a hole in the ground. The gnome lord falls through... There's a gaping hole under you! The giant spider bites! You hit the giant spider! The giant spider bites! You hit the giant spider! The giant spider bites! You hit the giant spider! You kill the giant spider! You see here a giant spider corpse. The bugbear misses! You miss the bugbear. The gnome hits! You miss the bugbear. The bugbear hits! You die... Inventory: Coins ('$') $ - 42 gold pieces Amulets ('"') r - an uncursed amulet of reflection Armor ('[') a - a blessed +2 pair of leather gloves (being worn) u - an uncursed +0 pair of iron shoes (being worn) v - an uncursed +0 dwarvish cloak b - an uncursed +1 robe (being worn) Comestibles ('%') g - 5 uncursed apples B - 2 uncursed candy bars labeled "The Small Bar" f - 3 uncursed food rations i - 6 uncursed fortune cookies h - 7 uncursed oranges Scrolls ('?') z - an uncursed scroll of create monster F - a cursed scroll of destroy armor y - 2 uncursed scrolls of enchant weapon E - an uncursed scroll of magic mapping s - an uncursed scroll of remove curse d - an uncursed scroll of stinking cloud Spellbooks ('+') x - an uncursed spellbook of create monster o - an uncursed spellbook of detect food m - an uncursed spellbook of magic missile c - a blessed spellbook of protection Potions ('!') q - an uncursed potion of booze t - an uncursed potion of extra healing e - 2 uncursed potions of healing l - an uncursed potion of sickness Rings ('=') k - an uncursed ring of slow digestion Wands ('/') D - an uncursed wand of fire (0:7) j - an uncursed wand of slow monster (0:3) Tools ('(') C - 2 uncursed wax candles Gems/Stones ('*') p - an uncursed aquamarine stone n - 2 uncursed worthless pieces of black glass H - an uncursed worthless piece of yellow glass Aerth the Monk's attributes: Background: You were a Novice, a level 5 female human Monk. You were neutral, on a mission for Chih Sung-tzu who was opposed by Shan Lai Ching (lawful) and Huan Ti (chaotic). You were in the Gnomish Mines, on level 7. You entered the dungeon 1068 turns ago. You had 291 experience points, 29 more were needed to attain level 6. Basics: You had 0 out of 44 hit points. You had 7 out of 17 energy points (spell power). Your armor class was 2. Your wallet contained 42 zorkmids. Autopickup was on for '$?!"=/*', with exceptions. Final Characteristics: Your strength was 16 (limit:18/100). Your dexterity was 14 (limit:18). Your constitution was 14 (limit:18). Your intelligence was 9 (limit:18). Your wisdom was 10 (limit:18). Your charisma was 13 (limit:18). Final Status: You were not hungry. You were unencumbered. You were empty handed. You had basic skill with martial arts. Final Attributes: You were devoutly aligned. You were sleep resistant. You were poison resistant. You saw invisible. You were stealthy. You were guarded. You were fast. You are dead. Miscellaneous: You disabled loading of bones levels. Total elapsed playing time was 7 minutes and 37 seconds. Major events: Turn 1: aerth the neutral female human Monk entered the dungeon 437: entered the Gnomish Mines 738: attained the rank of Novice (level 3) 1068: killed by a bugbear Vanquished creatures: a giant spider 4 gnome leaders 2 giant ants 6 dwarves 2 hobbits 15 gnomes 2 jackals 2 kobolds a goblin 7 grid bugs 4 newts 46 creatures vanquished. No species were genocided or became extinct. Voluntary challenges: You followed a strict vegan diet. You never hit with a wielded weapon. You read items or engraved 2 times. You engraved Elbereth 1 time. You never genocided any monsters. You never polymorphed an object. You never changed form. You used no wishes. Achievements: You entered the Gnomish Mines. You entered a shop. You attained the rank of Novice. The Dungeons of Doom: levels 1 to 3 Level 1: Some altars. Level 2: A scroll shop. Stairs down to The Gnomish Mines. Level 3: The Gnomish Mines: levels 3 to 7 Level 3: Level 4: Level 5: Level 6: Level 7: <- You were here. Final resting place for you, killed by a bugbear. Game over: ---------- / \ / REST \ / IN \ / PEACE \ / \ | aerth | | 42 Au | | killed by a | | bugbear | | | | | | 2022 | *| * * * | * _________)/\\_//(\/(/\)/\//\/|_)_______ Goodbye aerth the Monk... You died in The Gnomish Mines on dungeon level 7 with 1502 points, and 42 pieces of gold, after 1068 moves. You were level 5 with a maximum of 44 hit points when you died.